 Dungeon Crawl Stone Soup version 0.19.5 (webtiles) character file.

427 Hybris the Shooter (level 6, -2/47 HPs)
             Began as a Centaur Arcane Marksman on Mar 22, 2017.
             Slain by an orc
             ... wielding a +0 trident
              (3 damage)
             ... on level 4 of the Dungeon on Mar 23, 2017.
             The game lasted 00:24:26 (5842 turns).

Hybris the Shooter (Centaur Arcane Marksman)        Turns: 5842, Time: 00:24:27

Health: -2/47      AC:  4    Str: 14    XL:     6   Next: 65%
Magic:  16/16      EV:  9    Int: 14    God:
Gold:   176        SH:  0    Dex:  8    Spells: 3 memorised, 1 level left

rFire  . . .     SeeInvis .     d - -3 short sword (curse)
rCold  . . .     Gourm    +     e - +0 robe
rNeg   . . .     Faith    .     (no shield)
rPois  .         Spirit   .     (no helmet)
rElec  .         Reflect  .     (no cloak)
rCorr  .         Harm     .     (no gloves)
MR     .....                    (no barding)
Stlth  +.........               l - amulet of the gourmand
                                (no ring)
                                n - ring of magical power

@: very quick
A: hooves 3, deformed body, speed 2, tough skin 3
a: no special abilities


You were on level 4 of the Dungeon.
You were not hungry.

You visited 1 branch of the dungeon, and saw 4 of its levels.

You collected 176 gold pieces.

Inventory:

Hand Weapons
 a - a +1 shortbow
 d - a cursed -3 short sword (weapon)
Missiles
 j - 51 stones (quivered)
 r - 2 javelins
 s - 10 arrows
 w - a throwing net
Armour
 e - a +0 robe (worn)
Jewellery
 l - an amulet of the gourmand (around neck)
 n - a ring of magical power (left hand)
 u - an uncursed amulet of magic regeneration
Scrolls
 o - a scroll of teleportation
Potions
 b - 2 potions of curing
 i - a potion of resistance
 k - a potion of agility {unknown}
 m - a potion of cancellation {unknown}
 p - a potion of lignification {unknown}
 q - a potion of flight {unknown}
 v - a potion of mutation {unknown}
 x - a potion of haste {unknown}
 z - a potion of might {unknown}
Books
 c - a book of Debilitation

   Spells                             Type                      Level
   a - Corona                         Hexes                        1
   b - Slow                           Hexes                        2
   c - Gell's Gravitas                Hexes/Translocation          3
   d - Inner Flame                    Hexes/Fire                   3
   e - Cause Fear                     Hexes                        4
   f - Leda's Liquefaction            Hexes/Earth                  4
Comestibles
 f - 3 bread rations
 g - 7 fruits
 h - 2 meat rations
 t - 3 beef jerkies
 A - a slice of pizza


   Skills:
 - Level 1.0 Fighting
 * Level 7.7 Bows
 + Level 0.7 Throwing
 - Level 1.3 Dodging
 - Level 1.0 Spellcasting
 + Level 4.5 Hexes


You had one spell level left.
You knew the following spells:

 Your Spells              Type           Power        Failure   Level  Hunger
a - Corona                Hex            ##.....      4%          1    ##.....
b - Slow                  Hex            ##......     10%         2    ###....
c - Gell's Gravitas       Hex/Tloc       #.........   30%         3    ####...


Dungeon Overview and Level Annotations

Branches:
Dungeon (4/15)
 Temple: D:4-7

Altars:
Cheibriados


Innate Abilities, Weirdness & Mutations

You have hooves in place of feet.
Armour fits poorly on your strangely shaped body.
You cover ground very quickly.
You have extremely tough skin. (AC +3)


Message History

The orc is heavily wounded.
The orc hits you with a trident!
* * * LOW HITPOINT WARNING * * *
You closely miss the orc.
The orc is heavily wounded.
The orc hits you with a trident!
* * * LOW HITPOINT WARNING * * *
You hit the orc but do no damage. You kick the orc.
The orc is severely wounded.
The orc barely misses you.
You barely miss the orc.
The orc is severely wounded.
The orc closely misses you.
You completely miss the orc.
The orc is severely wounded.
The orc hits you but does no damage.
You closely miss the orc.
The orc is severely wounded.
The orc hits you with a trident.
You die...

......
#.#..#
......
##...#
......
#.#.#
######
#...#
##..#
#..#
##o#
#o#
#@##
...
##.#
...
###
...
...
...
...
...


You could see 2 orcs.

Vanquished Creatures
  Sigmund (D:2)
  A bullfrog skeleton (D:4)
  An orc priest (D:3)
  9 adders
  3 oozes
  2 worms
  5 dart slugs
  4 leopard geckos
  5 orcs
  6 bats
  4 giant cockroaches
  5 hobgoblins
  7 jackals (D:3)
  2 quokkas (D:2)
  2 ball pythons
  3 frilled lizards
  12 goblins
  12 kobolds
  10 rats
94 creatures vanquished.

Notes
Turn   | Place    | Note
-------+----------+-------------------------------------------
     0 | D:1      | Hybris the Centaur Arcane Marksman began the quest for the Orb.
     0 | D:1      | Reached XP level 1. HP: 16/16 MP: 2/2
    73 | D:1      | Reached skill level 3 in Bows
    90 | D:1      | Reached XP level 2. HP: 21/23 MP: 3/3
   140 | D:1      | Learned a level 2 spell: Slow
   178 | D:1      | Found a snail-covered altar of Cheibriados.
   424 | D:1      | Reached skill level 4 in Bows
   424 | D:1      | Reached XP level 3. HP: 25/28 MP: 4/4
  1374 | D:2      | Reached skill level 5 in Bows
  1374 | D:2      | Reached XP level 4. HP: 28/35 MP: 5/5
  1593 | D:2      | Noticed Sigmund
  1821 | D:2      | Killed Sigmund
  1821 | D:2      | Reached skill level 6 in Bows
  1821 | D:2      | Reached XP level 5. HP: 23/40 MP: 1/6
  2258 | D:2      | Reached skill level 7 in Bows
  2513 | D:3      | Reached XP level 6. HP: 47/47 MP: 7/7
  2531 | D:3      | Learned a level 3 spell: Gell's Gravitas
  5838 | D:4      | HP: 1/47 [orc/trident (10)]
  5842 | D:4      | Slain by an orc

Skill      XL: |  1  2  3  4  5 |
---------------+----------------+-----
Bows           | 3 4 5 6 7 |  7.7
Hexes          | 3 4 |  4.5
Fighting       | |  1.0
Throwing       | |  0.7
Dodging        | |  1.3
Spellcasting   | |  1.0

Action                   |  1- 3 |  4- 6 || total
-------------------------+-------+-------++-------
Melee: Short sword       |       |   114 ||   114
       Kick              |       |    37 ||    37
 Fire: Shortbow          |   108 |   179 ||   287
Throw: Stone             |       |   184 ||   184
       Javelin           |       |     7 ||     7
 Cast: Corona            |     6 |    23 ||    29
       Slow              |     1 |     6 ||     7
       Gell's Gravitas   |       |     1 ||     1
  Use: Potion            |     1 |       ||     1
       Scroll            |       |     7 ||     7
  Eat: Chunk             |       |    11 ||    11
       Bread ration      |       |     1 ||     1
Armor: Robe              |    26 |    49 ||    75
Dodge: Dodged            |    23 |   128 ||   151
